 Dungeon Crawl Stone Soup version 0.32-a0-913-g739538afd8 (webtiles) character file.

Game seed: 196479878093392238

233431 SaltyWalty the Executioner (level 18, -13/180 HPs)
             Began as a Minotaur Berserker on Apr 8, 2024.
             Was the Champion of Trog.
             Killed from afar by a deep elf annihilator (47 damage)
             ... with a crystal spear
             ... on level 2 of the Orcish Mines on Apr 9, 2024.
             The game lasted 01:28:02 (32753 turns).

SaltyWalty the Executioner (Minotaur Berserker)    Turns: 32753, Time: 01:28:03

Health: -13/180    AC: 24    Str: 33    XL:     18   Next: 41%
Magic:  0/5        EV: 16    Int: 15    God:    Trog [******]
Gold:   3251       SH:  0    Dex: 11    Spells: 17/17 levels left

rFire   . . .        a - +5 executioner's axe (antimagic)
rCold   + + .        (shield currently unavailable)
rNeg    + . .        i - +2 scale mail of Uqiomne {^Drain Regen+ Int+6}
rPois   .            l - +1 hat
rElec   .            b - +2 cloak
rCorr   .            J - +2 pair of gloves {Str+3}
SInv    +            D - +0 pair of boots {Fly}
Will    +....        P - amulet of Ylelu {Spirit +Inv rN+ Int-5 SInv} Stlth
                     R - ring of the Rabble {Fly rF- Str+6 Int+6 Dex+3 Slay+2}
HPRegen 1.30/turn    M - ring of Mixestydd {rF+ rC++ Dex-4}
MPRegen 0.09/turn

%: guardian spirit
@: mighty, flying, hasted and slowed, studying Axes
A: horns 2, retaliatory headbutt
}: 2/15 runes: decaying, gossamer
a: Renounce Religion, Evoke Invisibility, Berserk, Trog's Hand, Brothers in Arms


You were on level 2 of the Orcish Mines.
You worshipped Trog.
Trog was exalted by your worship.
You visited 6 branches of the dungeon, and saw 31 of its levels.
You also visited: Gauntlet.

You collected 3520 gold pieces.
You spent 269 gold pieces at shops.

Inventory:

Hand Weapons
 a - a +5 antimagic executioner's axe (weapon)
 n - a +6 battleaxe of flaming
 U - the +4 battleaxe "Nonuidou" {vamp, rC+ Int+8}
   (You found it on level 13 of the Dungeon)

   Int+8:     It affects your intelligence (+8).
   rC+:       It protects you from cold.
 Y - the +6 sling of the Everdark {antimagic, rF+ Will+ Dex+4}
   (You found it on level 4 of the Spider Nest)

   Dex+4:     It affects your dexterity (+4).
   rF+:       It protects you from fire.
   Will+:     It increases your willpower.
Missiles
 z - 5 silver javelins
 G - 2 throwing nets
 N - 3 curare-tipped darts (quivered)
Armour
 b - a +2 cloak (worn)
 i - the +2 scale mail of Uqiomne (worn) {^Drain Regen+ Int+6}
   (You found it on level 2 of the Dungeon)

   Int+6:     It affects your intelligence (+6).
   Regen+:    It increases your rate of health regeneration.
   ^Drain:    It drains your maximum health when unequipped.
 l - a +1 hat (worn)
 y - a +1 leather armour of cold resistance
 A - the +1 leather armour "Duptoif" {Fly rF- Dex+5}
   (You found it on level 5 of the Dungeon)

   Dex+5:     It affects your dexterity (+5).
   rF-:       It makes you vulnerable to fire.
   Fly:       It grants you flight.
 B - the +0 leather armour "Vusac" {-Cast rPois Str+5}
   (You found it on level 2 of the Dungeon)

   Str+5:     It affects your strength (+5).
   rPois:     It protects you from poison.
   -Cast:     It prevents spellcasting.
 D - a +0 pair of boots of flying (worn)
 J - a +2 pair of gloves of strength (worn)
 Z - a +3 ring mail of willpower
Jewellery
 t - the amulet of Plog {Spirit Stlth+}
   (You found it on level 5 of the Dungeon)

   [amulet of guardian spirit]

   Spirit:    It causes incoming damage to be divided between your reserves of
   health and magic.
   Stlth+:    It makes you more stealthy.
 w - a ring of see invisible
 M - the ring of Mixestydd (right hand) {rF+ rC++ Dex-4}
   (You took it off an efreet on level 9 of the Dungeon)

   [ring of protection from fire]

   Dex-4:     It affects your dexterity (-4).
   rF+:       It protects you from fire.
   rC++:      It greatly protects you from cold.
 P - the amulet of Ylelu (around neck) {Spirit +Inv rN+ Int-5 SInv}
   (You found it on level 9 of the Dungeon)

   [amulet of guardian spirit]

   Spirit:    It causes incoming damage to be divided between your reserves of
   health and magic.
   Int-5:     It affects your intelligence (-5).
   rN+:       It protects you from negative energy.
   SInv:      It lets you see invisible.
   +Inv:      It lets you turn invisible.
 Q - the ring "Cogegub" {rC++ rN+ Will- SInv}
   (You found it on level 9 of the Dungeon)

   [ring of positive energy]

   rC++:      It greatly protects you from cold.
   rN+:       It protects you from negative energy.
   Will-:     It decreases your willpower.
   SInv:      It lets you see invisible.
 R - the ring of the Rabble (left hand) {Fly rF- Str+6 Int+6 Dex+3 Slay+2}
   (You found it on level 9 of the Dungeon)

   [ring of strength]

   Str+6:     It affects your strength (+6).
   Int+6:     It affects your intelligence (+6).
   Dex+3:     It affects your dexterity (+3).
   Slay+2:    It affects your accuracy & damage with ranged weapons and melee
   (+2).
   rF-:       It makes you vulnerable to fire.
   Fly:       It grants you flight.
 T - the ring of Arhumneo {Fly rPois rCorr}
   (You found it on level 10 of the Dungeon)

   [ring of flight]

   rPois:     It protects you from poison.
   Fly:       It grants you flight.
   rCorr:     It protects you from acid and corrosion.
Wands
 q - a wand of quicksilver (39)
 v - a wand of paralysis (8)
 H - a wand of iceblast (7)
 L - a wand of digging (1)
Scrolls
 e - 4 scrolls of brand weapon
 f - 2 scrolls of enchant weapon
 g - a scroll of identify
 k - 12 scrolls of teleportation
 p - 4 scrolls of revelation
 r - a scroll of immolation
 x - 2 scrolls of fog
 E - 3 scrolls of enchant armour
 F - a scroll of torment
 K - 2 scrolls of blinking
 X - 3 scrolls of fear
Potions
 c - 7 potions of curing
 d - 3 potions of resistance
 h - 2 potions of berserk rage
 j - 9 potions of mutation
 m - 4 potions of invisibility
 o - 2 potions of lignification
 s - 6 potions of enlightenment
 u - 2 potions of might
 C - 3 potions of cancellation
 I - 2 potions of haste
 O - 2 potions of magic
 S - 2 potions of heal wounds


   Skills:
 * Level 20.8 Fighting
 * Level 21.2 Axes
 + Level 1.2 Throwing
 * Level 19.9 Armour
 * Level 18.4 Dodging


You had 17 spell levels left.
You didn't know any spells.
Your spell library was empty.

Dungeon Overview and Level Annotations

Branches:
Dungeon (15/15)            Temple (0/1) D:6            Lair (5/5) D:11
  Swamp (4/4) Lair:3       Spider (4/4) Lair:2        Slime (0/5) Lair:5
    Orc (2/2) D:12            Elf (1/3) Orc:2        Vaults (0/5) D:13
 Depths (0/4) D:15        Gauntlet (visited)

Altars:
Cheibriados
Dithmenos
Elyvilon
Gozag
Okawaru
Ru
Sif Muna
Uskayaw
The Shining One
Beogh
Jiyva

Shops:
D:1 *   D:11 :   D:15 [   Orc:2 (?:[

Portals:
Trove: D:11 (lose all piety)


Innate Abilities, Weirdness & Mutations

You have a pair of horns on your head.
You reflexively headbutt those who attack you in melee.


Message History

The deep elf pyromancer completely misses you.
The deep elf annihilator misses you.
The deep elf pyromancer falters for a moment.
Unknown command.
Unknown command.
Unknown command.
You slash the deep elf annihilator!
The deep elf annihilator's magic leaks into the air.
The deep elf annihilator is heavily wounded.
You barely miss the deep elf pyromancer.
You slice the deep elf pyromancer!!
The deep elf pyromancer's magic leaks into the air.
The deep elf pyromancer's magic is no longer disrupted.
The deep elf pyromancer hits you but does no damage.
The deep elf annihilator mumbles some strange words.
The deep elf annihilator blinks!
The deep elf pyromancer casts a spell at you.
The bolt of fire misses you.
Unknown command.
Unknown command.
Unknown command.
You miss the deep elf pyromancer.
The deep elf pyromancer is almost dead.
You closely miss the deep elf pyromancer.
The deep elf pyromancer hits you but does no damage.
The deep elf pyromancer casts a spell.
The deep elf pyromancer blinks!
Unknown command.
Unknown command.
Unknown command.
You closely miss the deep elf pyromancer.
The deep elf pyromancer is almost dead.
Unknown command.
You slice the deep elf pyromancer!!
You kill the deep elf pyromancer!
Trog accepts your kill.
Trog appreciates your killing of a magic user.
The deep elf annihilator casts a spell at you.
The crystal spear hits you!!!
You die...

##...............##
#######
##.............#.##
#...............#.##
##.................#
##..........#..#.##
##.........######
##.........#
#.........#####
##.........#@§##
##.....#.e)§..#
#.....###.#..##
##.....#...###
###..#e..## #####.##
###


You could see a deep elf annihilator (magic disrupted) and a deep elf
pyromancer.

Vanquished Creatures
  A bone dragon (Swamp:4)
  2 thorn hunters
  Roxanne (Swamp:3)
  Agnes (D:15)
  3 azure jellies (Lair:5)
  A frost giant (D:15)
  3 ghost moths
  8 emperor scorpions
  2 broodmothers (Spider:1)
  5 eleionomae
  A bunyip (Swamp:3)
  A dire elephant (Lair:5)
  2 deep elf annihilators (Elf:1)
  A minotaur (Gauntlet)
  An ettin (Orc:1)
  6 entropy weavers
  17 hydras
  A rakshasa (D:15)
  4 vault guards (D:13)
  2 jorogumos
  A spriggan air mage (Swamp:3)
  An ogre mage (D:15)
  3 alligators
  A merfolk avatar (Lair:5)
  A dancing weapon (Elf:1)
  2 centaur warriors
  A death knight (D:14)
  5 two-headed ogres
  10 death yaks
  2 tengu warriors (D:15)
  4 boulder beetles
  7 demonic crawlers
  Urug (D:10)
  5 orc high priests
  6 deep elf knights
  An occultist (D:15)
  Nergalle (Lair:3)
  6 skeletal warriors
  A fire crab (Lair:4)
  7 pharaoh ants
  A skyshark (Lair:5)
  A deep elf archer (Elf:1)
  A death drake (Swamp:4)
  6 goliath frogs
  The ghost of EvilEddieB the Grave Robber, a novice DsNe of Hepliaklqana (D:6)
  Lodul (D:10)
  6 swamp dragons
  4 phantasmal warriors
  6 bog bodies
  4 spriggan druids
  5 spectral hydras (Swamp:4)
  2 sun moths
  6 orb spiders
  A lindwurm (Lair:5)
  An arcanist (D:13)
  2 orc knights
  10 steelbarb worms
  An obsidian bat (Orc:1)
  3 spectral alligators (Swamp:4)
  22 wolf spiders
  A thermic dynamo (Elf:1)
  6 deep elf pyromancers
  7 deep elf zephyrmancers (Elf:1)
  5 cyclopes
  7 will-o-the-wisps
  An oklob plant (Orc:1)
  2 orc sorcerers (Orc:2)
  A moth of wrath (Spider:2)
  9 manticores
  8 ugly things
  2 black mambas (Lair:4)
  4 elephants (Lair:5)
  A kobold blastminer (Orc:2)
  3 meliai (Gauntlet)
  11 torpor snails
  A smoke demon (Gauntlet)
  7 cane toads
  2 gargoyles
  9 komodo dragons
  Maggie (D:10)
  An unseen horror (D:10)
  4 freezing wraiths
  2 tengu conjurers (D:13)
  2 efreet
  4 yaktaurs (D:13)
  Psyche (D:8)
  A guardian mummy (D:11)
  9 rime drakes
  6 swamp worm zombies (Swamp:4)
  5 trolls
  A red devil (Gauntlet)
  4 hydra zombies (Swamp:4)
  13 polar bears
  27 tarantellas
  A bloated husk (Swamp:4)
  9 hornets
  9 tyrant leeches
  A spectral swamp dragon (Swamp:4)
  33 jumping spiders
  29 blink frogs
  10 slime creatures
  6 dream sheep (Lair:4)
  A snapping turtle (Lair:5)
  15 spriggans
  22 culicivoras
  A human (D:13)
  3 shadows
  2 wraiths (D:13)
  Eustachio (D:4)
  3 tyrant leech zombies (Swamp:4)
  22 yaks
  8 wyverns
  A yak (shapeshifter) (D:13)
  5 basilisks
  A steam dragon (Lair:5)
  3 wargs
  55 redbacks
  20 swamp worms
  12 vampire mosquitoes
  17 water moccasins
  An acid dragon (D:12)
  Duvessa (D:5)
  2 swamp drakes
  20 orc warriors
  3 ice beasts
  A black bear (D:6)
  2 swamp dragon zombies (Swamp:4)
  18 ogres
  A laughing skull (D:9)
  6 centaurs
  3 sky beasts
  10 wolves
  7 phantoms
  A kobold brigand (D:9)
  19 bullfrogs
  An earth elemental (Elf:1)
  A gnoll sergeant (D:7)
  4 scorpions
  11 wights (D:8)
  Dowan (D:5)
  29 killer bees
  A troll zombie (D:12)
  4 electric eels
  2 howler monkeys
  2 crimson imps (Gauntlet)
  2 hounds
  3 jellies
  4 bombardier beetles
  41 orc priests
  A gnoll bouda (D:6)
  5 iguanas
  2 sleepcaps
  33 orc wizards
  5 ogre zombies (D:12)
  6 adders
  16 gnolls
  2 shadow imps
  4 ufetubi (D:6)
  A dart slug (D:1)
  A ribbon worm (D:2)
  83 orcs
  9 ball pythons
  6 endoplasms
  5 giant cockroaches (Lair:2)
  5 goblins
  3 hobgoblins (D:1)
  4 jackals (D:3)
  4 kobolds
  3 quokkas
  3 bats
  2 frilled lizards
  2 gnoll skeletons (D:12)
  3 gnoll zombies (D:12)
  3 orc skeletons (D:12)
  11 orc zombies (D:12)
  6 rats
1100 creatures vanquished.

Vanquished Creatures (collateral kills)
  A jumping spider (Spider:4)
1 creature vanquished.

Vanquished Creatures (others)
  A wolf spider (Spider:4)
  A hydra zombie (Swamp:4)
  3 bloated husks (Swamp:4)
  A spriggan (D:8)
  32 foxfires
38 creatures vanquished.

Grand Total: 1139 creatures vanquished

Notes
Turn   | Place    | Note
-------+----------+-------------------------------------------
     0 | D:1      | SaltyWalty the Minotaur Berserker began the quest for the
                  | Orb.
     0 | D:1      | Reached XP level 1. HP: 19/19 MP: 0/0
   134 | D:1      | Found Wocim's General Store.
   257 | D:1      | Reached skill level 4 in Axes
   260 | D:1      | Reached XP level 2. HP: 27/27 MP: 1/1
   778 | D:2      | Reached XP level 3. HP: 9/34 MP: 2/2
   984 | D:2      | Found a glowing golden altar of the Shining One.
  1095 | D:2      | Identified the +2 scale mail of Uqiomne {^Drain Regen+
                  | Int+6}
  1308 | D:2      | Identified the +0 leather armour "Vusac" {-Cast rPois
                  | Str+5}
  1727 | D:3      | Reached XP level 4. HP: 33/41 MP: 3/3
  1731 | D:3      | Reached skill level 5 in Fighting
  1731 | D:3      | Reached skill level 5 in Axes
  1774 | D:3      | Reached ** piety under Trog
  1780 | D:3      | Reached XP level 5. HP: 48/48 MP: 4/4
  2632 | D:4      | Noticed a phantom
  2638 | D:4      | Reached skill level 6 in Axes
  2655 | D:4      | Killed a phantom
  2656 | D:4      | Reached XP level 6. HP: 58/58 MP: 5/5
  2849 | D:4      | Found a hide-covered altar of Uskayaw.
  2878 | D:4      | Noticed Eustachio
  2922 | D:4      | Killed Eustachio
  2923 | D:4      | Reached skill level 7 in Axes
  3009 | D:5      | Entered Level 5 of the Dungeon
  3067 | D:5      | Identified the amulet of Plog {Spirit Stlth+}
  3088 | D:5      | Identified the +1 leather armour "Duptoif" {Fly rF- Dex+5}
  3162 | D:5      | Noticed Duvessa
  3162 | D:5      | Noticed Dowan
  3196 | D:4      | Reached XP level 7. HP: 63/66 MP: 3/6
  3263 | D:5      | Found a white marble altar of Elyvilon.
  3361 | D:5      | Reached *** piety under Trog
  3796 | D:5      | Reached skill level 8 in Axes
  4094 | D:5      | Killed Duvessa
  4095 | D:5      | Killed Dowan
  4380 | D:5      | Reached XP level 8. HP: 67/77 MP: 4/7
  4447 | D:6      | Reached skill level 9 in Axes
  4661 | D:6      | Found a staircase to the Ecumenical Temple.
  4685 | D:6      | Reached skill level 10 in Fighting
  4685 | D:6      | Reached skill level 10 in Axes
  4809 | D:6      | Reached **** piety under Trog
  4911 | D:6      | Found a large runed translucent door.
  4912 | D:6      | Found a large runed translucent door.
  4915 | D:6      | Noticed EvilEddieB's ghost (novice DsNe)
  5169 | D:7      | Reached XP level 9. HP: 84/86 MP: 8/8
  5295 | D:7      | Reached skill level 11 in Axes
  5574 | D:7      | Found an opulent altar of Gozag.
  6027 | D:8      | Noticed Psyche
  6176 | D:8      | Reached skill level 12 in Axes
  6361 | D:8      | Killed Psyche
  6399 | D:8      | Found a snail-covered altar of Cheibriados.
  6515 | D:8      | Reached XP level 10. HP: 93/96 MP: 9/9
  6562 | D:8      | Reached ***** piety under Trog
  6572 | D:8      | Reached skill level 13 in Axes
  7355 | D:9      | Received a gift from Trog
  7536 | D:9      | Noticed a two-headed ogre
  7537 | D:9      | Noticed a cyan ugly thing
  7538 | D:9      | Noticed a centaur warrior
  7544 | D:9      | Killed a cyan ugly thing
  7545 | D:9      | Reached skill level 14 in Axes
  7548 | D:9      | Killed a centaur warrior
  7554 | D:9      | Killed a two-headed ogre
  7555 | D:9      | Reached XP level 11. HP: 74/111 MP: 4/10
  7556 | D:9      | Noticed a boulder beetle
  7562 | D:9      | Killed a boulder beetle
  7671 | D:9      | Found a shimmering blue altar of Sif Muna.
  7671 | D:9      | Found an iron altar of Okawaru.
  7732 | D:9      | Identified the ring of Mixestydd {rF+ rC++ Dex-4}
  7855 | D:9      | Reached skill level 15 in Fighting
  7855 | D:9      | Reached skill level 15 in Axes
  8113 | D:9      | Noticed a deep elf pyromancer
  8115 | D:9      | Found a runed translucent door.
  8141 | D:9      | Identified the amulet of Ylelu {Spirit +Inv rN+ Int-5 SInv}
  8148 | D:9      | Identified the ring "Cogegub" {rC++ rN+ Will- SInv}
  8151 | D:9      | Identified the ring of the Rabble {Fly rF- Str+6 Int+6
                  | Dex+3 Slay+2}
  8374 | D:10     | Entered Level 10 of the Dungeon
  8431 | D:10     | Noticed Lodul
  8603 | D:10     | Found a shadowy altar of Dithmenos.
  8798 | D:10     | Noticed Maggie
  8804 | D:10     | Killed Maggie
  8921 | D:10     | Killed Lodul
  8934 | D:10     | Identified the ring of Arhumneo {Fly rPois rCorr}
  8996 | D:10     | Noticed Urug
  9011 | D:10     | Killed Urug
  9012 | D:10     | Reached skill level 16 in Axes
  9366 | D:10     | Noticed a deep elf pyromancer
  9369 | D:10     | Killed a deep elf pyromancer
  9506 | D:11     | Noticed a centaur warrior
  9515 | D:11     | Killed a centaur warrior
  9731 | D:11     | Noticed a green ugly thing
  9736 | D:11     | Reached XP level 12. HP: 124/124 MP: 11/11
  9774 | D:11     | Found a portal to a secret trove of treasure.
 10251 | D:11     | Found Piloscho's Self-Published Books.
 10313 | D:11     | Found a staircase to the Lair.
 10858 | D:12     | Found a staircase to the Orcish Mines.
 10871 | D:12     | Reached skill level 17 in Axes
 10876 | D:12     | Received a gift from Trog
 11565 | D:13     | You are sucked into a shaft and drop 1 floor!
 11628 | D:14     | Reached skill level 5 in Armour
 12323 | D:13     | Noticed a four-headed hydra
 12332 | D:13     | Killed a one-headed hydra
 12536 | D:13     | Reached skill level 5 in Dodging
 12602 | D:13     | Noticed a vault guard
 12617 | D:13     | Killed a vault guard
 12663 | D:13     | Noticed a vault guard
 12672 | D:13     | Killed a vault guard
 12726 | D:13     | Reached XP level 13. HP: 93/134 MP: 7/12
 12773 | D:13     | Found a gate to the Vaults.
 12782 | D:13     | Reached skill level 18 in Axes
 12990 | D:13     | Identified the +4 battleaxe "Nonuidou" {vamp, rC+ Int+8}
 13171 | Lair:1   | Entered Level 1 of the Lair of Beasts
 13779 | Lair:2   | Received a gift from Trog
 13946 | Lair:2   | Found a hole to the Spider Nest.
 14020 | Lair:2   | Identified the +6 dagger "Osatiuc" {freeze, *Slow rN++
                  | rCorr Str+3}
 14951 | Lair:3   | Found a staircase to the Swamp.
 15011 | Lair:3   | Noticed Nergalle
 15019 | Lair:3   | Killed Nergalle
 15020 | Lair:3   | Reached skill level 19 in Axes
 15874 | Lair:4   | Reached XP level 14. HP: 146/146 MP: 13/13
 15983 | Lair:4   | Identified the +3 war axe "Vaoxo" {antimagic, rElec rF- rN+
                  | Will+} (Trog gifted it to you on level 4 of the Lair of
                  | Beasts)
 15983 | Lair:4   | Received a gift from Trog
 17038 | Lair:5   | Entered Level 5 of the Lair of Beasts
 17051 | Lair:5   | Reached skill level 20 in Axes
 17459 | Lair:5   | Found a runed translucent door.
 17474 | Lair:5   | Found a viscous altar of Jiyva.
 17475 | Lair:5   | Noticed an azure jelly
 17801 | Lair:5   | Reached ****** piety under Trog
 18099 | Lair:5   | Noticed an azure jelly
 18242 | Lair:5   | Found a staircase to the Slime Pits.
 18242 | Lair:5   | Noticed an azure jelly
 18648 | D:14     | Reached XP level 15. HP: 149/156 MP: 14/14
 18652 | D:14     | Reached skill level 10 in Armour
 18665 | D:14     | Received a gift from Trog
 19153 | D:15     | Entered Level 15 of the Dungeon
 19157 | D:15     | Found a sacrificial altar of Ru.
 19182 | D:15     | Found a gate leading to a gauntlet.
 19206 | Gauntlet | Entered a Gauntlet
 19206 | Gauntlet | Found a transporter.
 19231 | Gauntlet | Found a transporter.
 19246 | Gauntlet | Found a transporter.
 19251 | Gauntlet | Found a transporter.
 19268 | Gauntlet | Found a transporter.
 19287 | Gauntlet | Found a transporter.
 19299 | Gauntlet | Found a transporter.
 19311 | Gauntlet | Found a transporter.
 19319 | Gauntlet | Found a large runed translucent door.
 19320 | Gauntlet | Found a large runed translucent door.
 19321 | Gauntlet | Found a large runed translucent door.
 19321 | Gauntlet | Found a large runed translucent door.
 19322 | Gauntlet | Found a runed translucent gate.
 19323 | Gauntlet | Found a transporter.
 19323 | Gauntlet | Found a runed translucent gate.
 19324 | Gauntlet | Found a runed translucent gate.
 19325 | Gauntlet | Found a large runed translucent door.
 19325 | Gauntlet | Found a large runed translucent door.
 19326 | Gauntlet | Found a large runed translucent door.
 19327 | Gauntlet | Found a large runed translucent door.
 19335 | Gauntlet | Found a transporter.
 19352 | Gauntlet | Found a transporter.
 19366 | Gauntlet | Found a large runed translucent door.
 19367 | Gauntlet | Found a large runed translucent door.
 19368 | Gauntlet | Found a large runed translucent door.
 19368 | Gauntlet | Found a large runed translucent door.
 19369 | Gauntlet | Found a runed translucent door.
 19370 | Gauntlet | Found a transporter.
 19371 | Gauntlet | Found a runed translucent door.
 19372 | Gauntlet | Found a transporter.
 19372 | Gauntlet | Found a large runed translucent door.
 19372 | Gauntlet | Found a large runed translucent door.
 19373 | Gauntlet | Found a large runed translucent door.
 19399 | Gauntlet | Found a transporter.
 19419 | Gauntlet | Found a transporter.
 19497 | Gauntlet | Found a transporter.
 19517 | Gauntlet | Found a transporter.
 19533 | Gauntlet | Found a large runed translucent door.
 19771 | Gauntlet | Found a transporter.
 19883 | Gauntlet | Identified the +0 cloak "Nevum" {Int+5}
 19991 | Gauntlet | Identified the +6 hand axe of Wounding {freeze, Dex+4}
 20159 | D:15     | Reached skill level 10 in Dodging
 20198 | D:15     | Noticed Agnes
 20207 | D:15     | Killed Agnes
 20372 | D:15     | Found a staircase to the Depths.
 20372 | D:15     | Noticed a frost giant
 20380 | D:15     | Killed a frost giant
 20556 | D:15     | Found Yghus's Armour Boutique.
 21060 | Orc:1    | Entered Level 1 of the Orcish Mines
 21178 | Orc:2    | Entered Level 2 of the Orcish Mines
 21371 | Orc:2    | Received a gift from Trog
 21450 | Orc:2    | Found Gaenwan's Magic Scroll Shop.
 21450 | Orc:2    | Found Ukkuume's Weapon Shop.
 21452 | Orc:2    | Found Ulufaili's Book Boutique.
 21470 | Orc:2    | Found Toceuf's Antique Armour Boutique.
 21596 | Orc:1    | Found a roughly hewn altar of Beogh.
 21617 | Orc:1    | Received a gift from Trog
 22073 | Orc:2    | Found a staircase to the Elven Halls.
 22189 | Orc:2    | Bought a scroll of revelation for 112 gold pieces
 22189 | Orc:2    | Bought a scroll of teleportation for 45 gold pieces
 22189 | Orc:2    | Bought a scroll of blinking for 112 gold pieces
 22630 | Spider:1 | Entered Level 1 of the Spider Nest
 22802 | D:6      | Killed EvilEddieB's ghost
 23117 | Lair:5   | Killed an azure jelly
 23121 | Lair:5   | Killed an azure jelly
 23127 | Lair:5   | Killed an azure jelly
 23464 | Spider:1 | Reached XP level 16. HP: 165/165 MP: 15/15
 23886 | Spider:1 | Received a gift from Trog
 24371 | Spider:2 | Reached skill level 15 in Armour
 24625 | Spider:2 | Received a gift from Trog
 25236 | Spider:2 | Identified the flux talisman of Poor Excuses {rElec Will++
                  | Str-4}
 25937 | Spider:3 | Reached skill level 15 in Dodging
 26802 | Spider:4 | Entered Level 4 of the Spider Nest
 27061 | Spider:4 | Received a gift from Trog
 27266 | Spider:4 | Reached XP level 17. HP: 171/171 MP: 16/16
 27702 | Spider:4 | Received a gift from Trog
 27905 | Spider:4 | Got a gossamer rune of Zot
 27958 | Spider:4 | Identified the +6 sling of the Everdark {antimagic, rF+
                  | Will+ Dex+4}
 28289 | Swamp:1  | Entered Level 1 of the Swamp
 28724 | Swamp:1  | Identified the +0 robe "Zeqillev" {-Tele +Inv Str+8 Int-2}
 29714 | Swamp:3  | Received a gift from Trog
 29740 | Swamp:3  | Noticed Roxanne
 30980 | Swamp:3  | Killed Roxanne
 30983 | Swamp:3  | Identified a scroll of acquirement
 30984 | Swamp:3  | Acquired a manual of Axes
 31084 | Swamp:4  | Entered Level 4 of the Swamp
 31167 | Swamp:4  | Paralysed by a hornet for 3 turns
 31440 | Swamp:3  | Reached XP level 18. HP: 180/180 MP: 17/17
 31767 | Swamp:4  | Received a gift from Trog
 32071 | Swamp:4  | Noticed a bone dragon
 32088 | Swamp:4  | Killed a bone dragon
 32089 | Swamp:4  | Reached skill level 21 in Axes
 32139 | Swamp:4  | Got a decaying rune of Zot
 32484 | Elf:1    | Entered Level 1 of the Elven Halls
 32736 | Elf:1    | Reached skill level 1 in Throwing
 32753 | Orc:2    | Killed from afar by a deep elf annihilator

Illustrated notes

Levels and vault maps discovered:
D:1:      nzn_arrival_depleted_hourglass, layout_basic, serial_shops,
          nicolae_shop_trees, dk_noncrumbling_2
D:2:      layout_basic, basic_altar
D:3:      layout_basic, hangedman_abyss_or_decor_stabs, minivault_5,
          minmay_misc_feat_rows
D:4:      layout_rooms, mainiacjoe_overflow_alcove_1, uniq_eustachio
D:5:      layout_loops_corners, amcnicky_altar_gilded, uniq_duvessa
D:6:      layout_rooms, temple_doors_e, ebering_ghost_disaster_area,
          hangedman_minor_gate_pass
D:7:      layout_rooms, grunt_gozag_statues, kennysheep_path_1
D:8:      kb_forest_paths, layout_rooms, mainiacjoe_overflow_alcove_2,
          serial_bayou_lagoon_a, uniq_psyche
D:9:      minmay_the_grid_triangle_9x9_recursive_2
          [minmay_the_grid_triangle_9x9_prize_special,
          minmay_the_grid_triangle_9x9_corruption,
          minmay_the_grid_triangle_9x9_subtriangle,
          minmay_the_grid_triangle_9x9_descending_squares],
          layout_irregular_city, nicolae_overflow_two_pavilions
D:10:     layout_loops_ring, kennysheep_little_box, billiards_dpeg, uniq_lodul,
          uniq_maggie, uniq_urug
D:11:     layout_loops_ring, lair_entry_dummy, nicolae_trove_entry_path_of_doom,
          nicolae_custom_books, hangedman_decor_points
D:12:     layout_roguey, zombieorc1_lemuel
D:13:     minmay_blocky_corners, layout_gridville, grunt_vaults_entry_fortified
D:14:     layout_basic, serial_co_window_serial, co_window_paths_b,
          co_window_corner_a, co_window_corner_a, co_window_paths_a,
          co_window_corner_a, co_window_unsneaky_path_a, co_window_corner_ca,
          co_window_broadway_a, co_window_paths_c, co_window_broadway_b,
          co_window_4corner_b, lemuel_nasty_fountain
D:15:     grunt_enter_depths_snipers, layout_gridville, serial_shops,
          nicolae_shop_real_fake_doors, gauntlet_entry_generic,
          hangedman_decor_clover_reticule, nicolae_ru_awakened_eye, uniq_agnes
Lair:1:   layout_gridlike, chequers_serial_rivers_small_b
Lair:2:   layout_cave_pods, nicolae_spider_entry_non_spiders,
          serial_bayou_shore_a
Lair:3:   layout_cave_pods, swamp_mist, uniq_nergalle
Lair:4:   nzn_winding_woodlands_stair_cross
          [nzn_winding_woodlands_5x15_longhouse,
          nzn_winding_woodlands_center_lodge,
          nzn_winding_woodlands_5x15_lazy_stream,
          nzn_winding_woodlands_5x5_open_star,
          nzn_winding_woodlands_5x5_perimeter,
          nzn_winding_woodlands_5x15_concentric,
          nzn_winding_woodlands_center_diamonds,
          nzn_winding_woodlands_5x15_cabin], layout_cave_pods,
          cheibrodos_lair_lostbears
Lair:5:   gammafunk_lair_ancient_temple, layout_hall_layers, slime_entry_2,
          st_stairs_9
Swamp:1:  layout_basic_swamp, nicolae_swamp_little_swirl, swamp_pool_1_2,
          nzn_swamp_dancing_lights
Swamp:2:  layout_basic_swamp, hangedman_swamp_blocks
Swamp:3:  layout_basic_swamp, nicolae_swamp_small_spring,
          infiniplex_staircase_pool_2, nicolae_swamp_long_stream, uniq_roxanne
Swamp:4:  swamp_pestilence, layout_basic_swamp
Spider:1: layout_spider_delve
Spider:2: layout_cave_pods
Spider:3: layout_chambers, hangedman_spider_tarantella_strand
Spider:4: grunt_spider_rune_circles, drop_trap
Orc:1:    layout_caves, basic_altar, mines3_lemuel
Orc:2:    st_orc_mages, layout_caves
Elf:1:    layout_gridlike, nicolae_elf_blasts_and_bolts,
          kennysheep_underground_church

Skill      XL: |  1  2  3  4  5  6  7  8  9 10 11 12 13 14 15 16 17 18 |
---------------+-------------------------------------------------------+-----
Fighting       | 4 5 6 7 8 10 12 14 16 17 19 20 | 20.8
Axes           | 4 5 6 7 8 10 12 14 16 17 19 20 21 | 21.2
Armour         | 3 6 8 9 13 16 19 | 19.9
Dodging        | 3 5 7 9 12 15 17 18 | 18.4
Throwing       | 1 |  1.2

Action                     |  1- 3 |  4- 6 |  7- 9 | 10-12 | 13-15 | 16-18 || total
---------------------------+-------+-------+-------+-------+-------+-------++-------
  Melee: Hand axe          |    88 |   119 |   243 |       |       |       ||   450
         Headbutt          |     8 |    22 |    72 |    93 |   166 |   232 ||   593
         Executioner's axe |       |       |    92 |    76 |       |    55 ||   223
         Battleaxe         |       |       |       |   361 |   789 |   839 ||  1989
  Throw: Dart              |       |       |       |       |     1 |       ||     1
 Invoke: Berserk           |       |       |     5 |     3 |     7 |     1 ||    16
         Trog's Hand       |       |       |     1 |     1 |     2 |     1 ||     5
         Brothers in Arms  |       |       |       |       |       |     1 ||     1
  Evoke: Wand              |       |       |       |       |       |     1 ||     1
    Use: Scroll            |     2 |     3 |     7 |     8 |    10 |    16 ||    46
         Potion            |       |       |       |     1 |       |    10 ||    11
   Stab: Distracted        |       |       |       |     1 |       |     1 ||     2
 Armour: Animal skin       |    37 |       |       |       |       |       ||    37
         Scale mail        |    14 |    71 |   305 |   378 |   559 |   961 ||  2288
  Dodge: Dodged            |    49 |    48 |   130 |   203 |   414 |   851 ||  1695

Table legend: (Time is in decaauts)
 A = Elapsed time spent in this place.
 B = Non-inter-level travel time spent in this place.
 C = Inter-level travel time spent in this place.
 D = Time resting spent in this place.
 E = Time spent auto-exploring this place.
 F = Levels seen in this place.
 G = Mean time per level.
                   A        B        C        D        E       F      G
               +--------+--------+--------+--------+--------+-----+--------+
         Total |  32538 |  28744 |   3794 |   3983 |  18370 |  32 | 1016.8 |
       Dungeon |  15503 |  13444 |   2059 |   1782 |   8877 |  15 | 1033.5 |
          Lair |   5647 |   4941 |    706 |    460 |   3495 |   5 | 1129.4 |
         Swamp |   3935 |   3649 |    286 |   1222 |   1597 |   4 |  983.8 |
   Spider Nest |   4822 |   4427 |    395 |    418 |   3095 |   4 | 1205.5 |
  Orcish Mines |   1477 |   1131 |    346 |     13 |    827 |   2 |  738.5 |
   Elven Halls |    256 |    256 |      0 |     52 |     97 |   1 |  256.0 |
      Gauntlet |    895 |    895 |      0 |     35 |    382 |   1 |  895.0 |
               +--------+--------+--------+--------+--------+-----+--------+

Top non-repeatable levels by time:
 Swamp:3: 1900 daAuts
  Lair:4: 1504 daAuts
     D:9: 1464 daAuts
  Lair:5: 1441 daAuts
Spider:2: 1415 daAuts
     D:8: 1388 daAuts
    D:11: 1362 daAuts
     D:5: 1281 daAuts
Spider:3: 1249 daAuts
Spider:4: 1193 daAuts
    D:12: 1187 daAuts
    D:14: 1095 daAuts
    D:13: 1056 daAuts
  Lair:3: 1056 daAuts
  Lair:2: 1013 daAuts
